AA
CLEBURNE RAILROADERS @ KANSAS CITY T-BONES
08/10/2099
 
TOP OF THE 1ST
Sioux Falls Canaries batting - Pitching for Lincoln Saltdogs : RHP Ivan Pacheco
Pitching: RHP Ivan Pacheco
Batting: LHB Victor Minas 0-0: Called Strike
0-1: Fly out, F8 (Flyball, 8LM, EV 87.5 MPH)
Batting: RHB Danny Ayala 0-0: Ball
1-0: Ball
2-0: Called Strike
2-1: Foul Ball, location: 2F
2-2: Foul Ball, location: 9LMF
2-2: Strikes out looking
Batting: LHB Joe Mangnall 0-0: SOLO HOME RUN (Flyball, 9LD, EV 90.6 MPH), Distance : 334 ft
Batting: LHB Dave Aguilar 0-0: Ball
1-0: Ground out U3 (Groundball, 3L, EV 86.3 MPH)
Top of the 1st over - 1 run, 1 hit, 0 errors, 0 left on base; Sioux Falls 1 - Lincoln 0
BOTTOM OF THE 1ST
Lincoln Saltdogs batting - Pitching for Sioux Falls Canaries : LHP Chris Cunningham
Pitching: LHP Chris Cunningham
Batting: RHB Ernesto Cruz 0-0: Ball
1-0: Ground out 4-3 (Groundball, 4, EV 103.1 MPH)
Batting: LHB Gustavo Gomez 0-0: Ball
1-0: Ground out 5-3 (Groundball, 56, EV 94.4 MPH)
Batting: RHB Logan Hoover 0-0: Called Strike
0-1: Foul Ball, location: 2F
0-2: Ball
1-2: Ball
2-2: Ball
3-2: Base on Balls
Batting: LHB Steve Herron 0-0: Ball
1-0: Called Strike
1-1: Ground out U3 (Groundball, 3L, EV 96.9 MPH)
Bottom of the 1st over - 0 runs, 0 hits, 0 errors, 1 left on base; Sioux Falls 1 - Lincoln 0
TOP OF THE 2ND
Sioux Falls Canaries batting - Pitching for Lincoln Saltdogs : RHP Ivan Pacheco
Batting: RHB Ed Heberlig 0-0: Called Strike
0-1: Ball
1-1: Ball
2-1: Swinging Strike
2-2: Ball
3-2: Base on Balls
Batting: LHB Matt Seagroves 0-0: Foul Ball, location: 2F
0-1: Swinging Strike
0-2: Strikes out swinging
Batting: RHB Chad Braswell 0-0: Called Strike
0-1: Swinging Strike
0-2: Fly out, F9 (Flyball, 9D, EV 82.5 MPH)
Batting: RHB Tyler Patty 0-0: DOUBLE (Flyball, 78XD, EV 98.8 MPH)
Ed Heberlig to third
Batting: RHB Brian Seaburn 0-0: Ball
1-0: Ball
2-0: Swinging Strike
2-1: Foul Ball, location: 23F
2-2: Foul Ball, location: 25F
2-2: Strikes out swinging
Top of the 2nd over - 0 runs, 1 hit, 0 errors, 2 left on base; Sioux Falls 1 - Lincoln 0
BOTTOM OF THE 2ND
Lincoln Saltdogs batting - Pitching for Sioux Falls Canaries : LHP Chris Cunningham
Batting: RHB Jim Rera 0-0: Ball
1-0: Called Strike
1-1: Called Strike
1-2: Foul Ball, location: 2F
1-2: Foul Ball, location: 5DF
1-2: Ground out 6-3 (Groundball, P, EV 83.1 MPH)
Batting: RHB Mike Lincoln 0-0: Swinging Strike
0-1: Ball
1-1: Swinging Strike
1-2: Strikes out swinging
Batting: RHB John Huth 0-0: Called Strike
0-1: Ball
1-1: Ball
2-1: Called Strike
2-2: Foul Ball, location: 2F
2-2: Strikes out swinging
Bottom of the 2nd over - 0 runs, 0 hits, 0 errors, 0 left on base; Sioux Falls 1 - Lincoln 0
TOP OF THE 3RD
Sioux Falls Canaries batting - Pitching for Lincoln Saltdogs : RHP Ivan Pacheco
Batting: LHB Victor Minas 0-0: Called Strike
0-1: Foul Ball, location: 2F
0-2: Ball
1-2: Ground out U3 (Groundball, 3, EV 93.8 MPH)
Batting: RHB Danny Ayala 0-0: Called Strike
0-1: Swinging Strike
0-2: Ball
1-2: Foul Ball, location: 9LMF
1-2: Ball
2-2: Fly out, F4 (Popup, 34, EV 64.4 MPH)
Batting: LHB Joe Mangnall 0-0: Called Strike
0-1: Swinging Strike
0-2: Strikes out swinging
Top of the 3rd over - 0 runs, 0 hits, 0 errors, 0 left on base; Sioux Falls 1 - Lincoln 0
BOTTOM OF THE 3RD
Lincoln Saltdogs batting - Pitching for Sioux Falls Canaries : LHP Chris Cunningham
Batting: RHB Jordan Ruiz 0-0: Called Strike
0-1: Foul Ball, location: 2F
0-2: Foul Ball, location: 2F
0-2: Foul Ball, location: 3FF
0-2: Fly out, F4 (Popup, 3S, EV 79.4 MPH)
Batting: RHB Willie Balderas 0-0: Ball
1-0: Ball
2-0: Foul Ball, location: 2F
2-1: Ball
3-1: Fly out, F8 (Flyball, 8LD, EV 108.1 MPH)
Batting: RHB Ernesto Cruz 0-0: Ball
1-0: Called Strike
1-1: Foul Ball, location: 5F
1-2: Ball
2-2: Ball
3-2: SINGLE (Groundball, 4MD, EV 103.8 MPH)
Batting: LHB Gustavo Gomez 0-0: Reached on error, E5 (Groundball, 15, EV 86.9 MPH)
Ernesto Cruz to second
Batting: RHB Logan Hoover 0-0: Ground out 4-3 (Groundball, 4, EV 85.0 MPH)
Bottom of the 3rd over - 0 runs, 1 hit, 1 error, 2 left on base; Sioux Falls 1 - Lincoln 0
TOP OF THE 4TH
Sioux Falls Canaries batting - Pitching for Lincoln Saltdogs : RHP Ivan Pacheco
Batting: LHB Dave Aguilar 0-0: Called Strike
0-1: Fly out, F8 (Flyball, 8LD, EV 110.0 MPH)
Batting: RHB Ed Heberlig 0-0: Ball
1-0: Fly out, F4 (Popup, 4S, EV 75.0 MPH)
Batting: LHB Matt Seagroves 0-0: Ball
1-0: Called Strike
1-1: Called Strike
1-2: Foul Ball, location: 2F
1-2: Foul Ball, location: 25F
1-2: Fly out, F9 (Flyball, 9D, EV 100.0 MPH)
Top of the 4th over - 0 runs, 0 hits, 0 errors, 0 left on base; Sioux Falls 1 - Lincoln 0
BOTTOM OF THE 4TH
Lincoln Saltdogs batting - Pitching for Sioux Falls Canaries : LHP Chris Cunningham
Batting: LHB Steve Herron 0-0: Ball
1-0: DOUBLE (Line Drive, 7LD, EV 106.3 MPH)
Batting: RHB Jim Rera 0-0: Ball
1-0: Ball
2-0: Ball
3-0: Base on Balls
Batting: RHB Mike Lincoln 0-0: Called Strike
0-1: Fly out, F8 (Flyball, 8RD, EV 108.1 MPH)
Batting: RHB John Huth 0-0: Fly out, F9 (Flyball, 9, EV 88.1 MPH)
Batting: RHB Jordan Ruiz 0-0: Ball
1-0: Ball
2-0: Fielders Choice at 2nd, U6 (Groundball, 6M, EV 103.8 MPH)
Bottom of the 4th over - 0 runs, 1 hit, 0 errors, 2 left on base; Sioux Falls 1 - Lincoln 0
TOP OF THE 5TH
Sioux Falls Canaries batting - Pitching for Lincoln Saltdogs : RHP Ivan Pacheco
Batting: RHB Chad Braswell 0-0: Called Strike
0-1: Called Strike
0-2: Ball
1-2: Ball
2-2: Foul Ball, location: 9LSFF
2-2: Ball
3-2: Fly out, F6 (Flyball, 56D, EV 87.5 MPH)
Batting: RHB Tyler Patty 0-0: Ball
1-0: Ball
2-0: SINGLE (Groundball, 34D, EV 103.8 MPH)
Batting: RHB Brian Seaburn 0-0: Ball
1-0: Swinging Strike
1-1: Ball
2-1: Ball
3-1: Foul Ball, location: 2F
3-2: Base on Balls
Tyler Patty to second
Batting: LHB Victor Minas 0-0: Ball
1-0: Swinging Strike
1-1: Fly out, F8 (Flyball, 78M, EV 81.9 MPH)
Batting: RHB Danny Ayala 0-0: Called Strike
0-1: Ball
1-1: Swinging Strike
1-2: Ball
2-2: Strikes out swinging
Top of the 5th over - 0 runs, 1 hit, 0 errors, 2 left on base; Sioux Falls 1 - Lincoln 0
BOTTOM OF THE 5TH
Lincoln Saltdogs batting - Pitching for Sioux Falls Canaries : LHP Chris Cunningham
Batting: RHB Willie Balderas 0-0: Ball
1-0: Ball
2-0: Called Strike
2-1: Foul Ball, location: 2F
2-2: Fly out, F7 (Flyball, 78S, EV 84.4 MPH)
Batting: RHB Ernesto Cruz 0-0: Ball
1-0: Ball
2-0: SINGLE (Line Drive, 34, EV 96.9 MPH)
Batting: LHB Gustavo Gomez 0-0: Ball
1-0: Swinging Strike
1-1: Foul Ball, location: 2F
1-2: Strikes out swinging
Batting: RHB Logan Hoover 0-0: Called Strike
0-1: Fly out, F7 (Flyball, 7D, EV 103.8 MPH)
Bottom of the 5th over - 0 runs, 1 hit, 0 errors, 1 left on base; Sioux Falls 1 - Lincoln 0
TOP OF THE 6TH
Sioux Falls Canaries batting - Pitching for Lincoln Saltdogs : RHP Ivan Pacheco
Batting: LHB Joe Mangnall 0-0: Foul Ball, location: 2F
0-1: Ball
1-1: Foul Ball, location: 2F
1-2: Ball
2-2: Ball
3-2: Base on Balls
Batting: LHB Dave Aguilar 0-0: Called Strike
0-1: Foul Ball, location: 7LDF
0-2: Foul Ball, location: 5FF
0-2: Ball
1-2: Strikes out swinging
Batting: RHB Ed Heberlig 0-0: Ball
1-0: Grounds into double play, 6-4-3 (Groundball, 6S, EV 83.1 MPH)
Top of the 6th over - 0 runs, 0 hits, 0 errors, 0 left on base; Sioux Falls 1 - Lincoln 0
BOTTOM OF THE 6TH
Lincoln Saltdogs batting - Pitching for Sioux Falls Canaries : LHP Chris Cunningham
Batting: LHB Steve Herron 0-0: Ball
1-0: Swinging Strike
1-1: Ball
2-1: Ball
3-1: Swinging Strike
3-2: Foul Ball, location: 7LSFF
3-2: Base on Balls
Pitching: RHP Rich Bevens
Batting: RHB Jim Rera 0-0: Ball
1-0: Foul Ball, location: 9LSF
1-1: Foul Ball, location: 2F
1-2: Ball
2-2: Strikes out swinging
Batting: RHB Mike Lincoln 0-0: Ball
1-0: Ball
2-0: Foul Ball, location: 9LDF
2-1: SINGLE (Line Drive, 34D, EV 97.5 MPH)
Steve Herron to second
Runner from 2nd tries for 3rd, SAFE, no throw by RF
Pinch Hitting: LHB John Reinertsen 0-0: Ball
1-0: Foul Ball, location: 7LMF
1-1: Foul Ball, location: 2F
1-2: Ball
2-2: Ball
3-2: Foul Ball, location: 2F
3-2: Fly out, F4 (Popup, 4M, EV 70.0 MPH)
Batting: RHB Jordan Ruiz 0-0: Ball
1-0: Called Strike
1-1: Swinging Strike
1-2: Ball
2-2: Foul Ball, location: 3FF
2-2: Ground out 6-3 (Groundball, 6MS, EV 85.6 MPH)
Bottom of the 6th over - 0 runs, 1 hit, 0 errors, 2 left on base; Sioux Falls 1 - Lincoln 0
TOP OF THE 7TH
Sioux Falls Canaries batting - Pitching for Lincoln Saltdogs : RHP Ivan Pacheco
Now in RF: Earl Jeffcoat
Batting: LHB Matt Seagroves 0-0: Foul Ball, location: 5FF
0-1: Ball
1-1: Ball
2-1: Ball
3-1: Fly out, F6 (Line Drive, 6, EV 75.0 MPH)
Pitching: RHP Brent Crawford
Batting: RHB Chad Braswell 0-0: Foul Ball, location: 2F
0-1: Swinging Strike
0-2: Ball
1-2: Foul Ball, location: 2F
1-2: Ball
2-2: Fly out, F8 (Flyball, 8RD, EV 102.5 MPH)
Batting: RHB Tyler Patty 0-0: Ball
1-0: Ball
2-0: Foul Ball, location: 9LSF
2-1: Swinging Strike
2-2: Foul Ball, location: 9LSF
2-2: Foul Ball, location: 2F
2-2: Strikes out swinging
Top of the 7th over - 0 runs, 0 hits, 0 errors, 0 left on base; Sioux Falls 1 - Lincoln 0
BOTTOM OF THE 7TH
Lincoln Saltdogs batting - Pitching for Sioux Falls Canaries : RHP Rich Bevens
Batting: RHB Willie Balderas 0-0: Ball
1-0: Ball
2-0: Foul Ball, location: 2F
2-1: Foul Ball, location: 9LMF
2-2: Hit by Pitch
Batting: RHB Ernesto Cruz 0-0: Ball
1-0: Ball
2-0: Foul Ball, location: 2F
2-1: Ball
3-1: Base on Balls
Willie Balderas to second
Pitching: RHP Kevin Lee
Batting: LHB Gustavo Gomez 0-0: Called Strike
Willie Balderas steals 3rd base
0-1: Ball
1-1: Called Strike
1-2: Strikes out swinging
Batting: RHB Logan Hoover 0-0: Swinging Strike
0-1: Ball
1-1: Ball
2-1: Ball
3-1: Foul Ball, location: 9LSF
3-2: Fielders Choice at 2nd, 1-6 (Groundball, 13, EV 68.8 MPH)
Batting: LHB Steve Herron 0-0: Called Strike
0-1: Called Strike
0-2: Ball
1-2: Strikes out looking
Bottom of the 7th over - 0 runs, 0 hits, 0 errors, 2 left on base; Sioux Falls 1 - Lincoln 0
TOP OF THE 8TH
Sioux Falls Canaries batting - Pitching for Lincoln Saltdogs : RHP Brent Crawford
Batting: RHB Brian Seaburn 0-0: Called Strike
0-1: Fly out, F8 (Flyball, 8RM, EV 92.5 MPH)
Batting: LHB Victor Minas 0-0: Foul Ball, location: 23F
0-1: Foul Ball, location: 2F
0-2: Strikes out looking
Batting: RHB Danny Ayala 0-0: Ground out 6-3 (Groundball, 6, EV 108.8 MPH)
Top of the 8th over - 0 runs, 0 hits, 0 errors, 0 left on base; Sioux Falls 1 - Lincoln 0
BOTTOM OF THE 8TH
Lincoln Saltdogs batting - Pitching for Sioux Falls Canaries : RHP Kevin Lee
Batting: RHB Jim Rera 0-0: Ball
1-0: Called Strike
1-1: Foul Ball, location: 25FF
1-2: Ground out 5-3 (Groundball, 56, EV 104.4 MPH)
Batting: RHB Mike Lincoln 0-0: Swinging Strike
0-1: Ball
1-1: Ball
2-1: Foul Ball, location: 7LSF
2-2: Foul Ball, location: 25F
2-2: Ball
3-2: SOLO HOME RUN (Line Drive, 7D, EV 103.8 MPH), Distance : 403 ft
Batting: RHB Earl Jeffcoat 0-0: Swinging Strike
0-1: Ball
1-1: Ball
2-1: Called Strike
2-2: Ball
3-2: Fly out, F7 (Flyball, 7D, EV 79.4 MPH)
Pitching: RHP Jeff Farina
Batting: RHB Jordan Ruiz 0-0: Ground out 4-3 (Groundball, 4M, EV 87.5 MPH)
Bottom of the 8th over - 1 run, 1 hit, 0 errors, 0 left on base; Sioux Falls 1 - Lincoln 1
TOP OF THE 9TH
Sioux Falls Canaries batting - Pitching for Lincoln Saltdogs : RHP Brent Crawford
Pitching: LHP Ed Castillo
Batting: LHB Joe Mangnall 0-0: Ball
1-0: Ball
2-0: Called Strike
2-1: Ball
3-1: Base on Balls
Pinch Hitting: RHB Roberto Casamonica 0-0: Foul Ball, location: 9LMF
0-1: Ball
1-1: Foul Ball, location: 3FF
1-2: Foul Ball, location: 2F
1-2: SINGLE (Groundball, 4MD, EV 97.5 MPH)
Joe Mangnall to second
Batting: RHB Ed Heberlig 0-0: Foul Ball, location: 9LSF
0-1: Foul Ball, location: 9LMF
0-2: Grounds into double play, 6-4-3 (Groundball, 6, EV 83.1 MPH)
Joe Mangnall to third
Batting: LHB Matt Seagroves 0-0: Ground out U3 (Groundball, 13, EV 82.5 MPH)
Top of the 9th over - 0 runs, 1 hit, 0 errors, 1 left on base; Sioux Falls 1 - Lincoln 1
BOTTOM OF THE 9TH
Lincoln Saltdogs batting - Pitching for Sioux Falls Canaries : RHP Jeff Farina
Now in LF: Kevin Barton
Batting: RHB Willie Balderas 0-0: Called Strike
0-1: Ball
1-1: Swinging Strike
1-2: Strikes out looking
Batting: RHB Ernesto Cruz 0-0: Ball
1-0: Foul Ball, location: 2F
1-1: Swinging Strike
1-2: Ball
2-2: Strikes out swinging
Batting: LHB Gustavo Gomez 0-0: Called Strike
0-1: Swinging Strike
0-2: Strikes out swinging, 2-3 out at first.
Bottom of the 9th over - 0 runs, 0 hits, 0 errors, 0 left on base; Sioux Falls 1 - Lincoln 1
TOP OF THE 10TH
Sioux Falls Canaries batting - Pitching for Lincoln Saltdogs : LHP Ed Castillo
Batting: RHB Chad Braswell 0-0: Fly out, F2 (Popup, 2RF, EV 88.1 MPH)
Batting: RHB Tyler Patty 0-0: Foul Ball, location: 9LMF
0-1: Ball
1-1: Called Strike
1-2: Ball
2-2: Fly out, F7 (Flyball, 7S, EV 85.0 MPH)
Batting: RHB Brian Seaburn 0-0: Ball
1-0: Called Strike
1-1: Foul Ball, location: 5F
1-2: Strikes out swinging
Top of the 10th over - 0 runs, 0 hits, 0 errors, 0 left on base; Sioux Falls 1 - Lincoln 1
BOTTOM OF THE 10TH
Lincoln Saltdogs batting - Pitching for Sioux Falls Canaries : RHP Jeff Farina
Pitching: RHP Brad Rigsby
Batting: RHB Logan Hoover 0-0: Called Strike
0-1: Fly out, F7 (Line Drive, 7, EV 90.0 MPH)
Batting: LHB Steve Herron 0-0: Foul Ball, location: 7LSFF
0-1: Ball
1-1: Ball
2-1: Foul Ball, location: 2F
2-2: Strikes out swinging
Batting: RHB Jim Rera 0-0: Ball
1-0: Ball
2-0: Called Strike
2-1: Foul Ball, location: 2F
2-2: Ball
3-2: Fly out, F9 (Flyball, 9, EV 74.4 MPH)
Bottom of the 10th over - 0 runs, 0 hits, 0 errors, 0 left on base; Sioux Falls 1 - Lincoln 1
TOP OF THE 11TH
Sioux Falls Canaries batting - Pitching for Lincoln Saltdogs : LHP Ed Castillo
Pitching: RHP Tyler Taylor
Batting: LHB Victor Minas 0-0: Ball
1-0: Fly out, F9 (Flyball, 9, EV 87.5 MPH)
Batting: RHB Danny Ayala 0-0: Called Strike
0-1: Ball
1-1: SINGLE (Groundball, 56S, EV 63.8 MPH) (infield hit)
Batting: LHB Joe Mangnall 0-0: Ball
1-0: Foul Ball, location: 5DF
1-1: 2-RUN HOME RUN (Flyball, 9D, EV 97.5 MPH), Distance : 384 ft
Batting: LHB Kevin Barton 0-0: Called Strike
0-1: Foul Ball, location: 2F
0-2: Ball
1-2: Ball
2-2: Strikes out looking
Batting: RHB Ed Heberlig 0-0: Called Strike
0-1: Called Strike
0-2: Strikes out looking
Top of the 11th over - 2 runs, 2 hits, 0 errors, 0 left on base; Sioux Falls 3 - Lincoln 1
BOTTOM OF THE 11TH
Lincoln Saltdogs batting - Pitching for Sioux Falls Canaries : RHP Brad Rigsby
Batting: RHB Mike Lincoln 0-0: Ground out 4-3 (Groundball, 4, EV 105.0 MPH)
Batting: RHB Earl Jeffcoat 0-0: Foul Ball, location: 9LDF
0-1: Called Strike
0-2: Strikes out looking
Batting: RHB Jordan Ruiz 0-0: Ground out 5-3 (Groundball, 56S, EV 86.3 MPH)
Bottom of the 11th over - 0 runs, 0 hits, 0 errors, 0 left on base; Sioux Falls 3 - Lincoln 1
Sunday, May 12th , 2024 - OOTP Baseball 24.11 Build 85